 Dungeon Crawl Stone Soup version 0.29.0-13-gc9e81de378 (webtiles) character file.

Game seed: 10016119719719438870

57 LabCoat the Trooper (level 4, -2/40 HPs)
             Began as a Hill Orc Fighter on Sept 8, 2022.
             Slain by Sigmund
             ... wielding a +0 scythe
              (6 damage)
             ... on level 2 of the Dungeon.
             The game lasted 00:03:20 (1094 turns).

LabCoat the Trooper (Hill Orc Fighter)              Turns: 1094, Time: 00:03:21

Health: -2/40      AC:  6    Str: 20    XL:     4   Next: 0%
Magic:  4/4        EV:  9    Int:  8    God:
Gold:   98         SH:  0    Dex: 10    Spells: 3/3 levels left

rFire   . . .      SeeInvis .   a - +0 war axe
rCold   . . .      Faith    .   c - +0 buckler
rNeg    . . .      Spirit   .   b - +0 scale mail
rPois   .          Reflect  .   (no helmet)
rElec   .          Harm     .   j - scarf {repulsion}
rCorr   .          Rampage  .   (no gloves)
Will    .....                   (no boots)
Stlth   ..........              (no amulet)
HPRegen 0.13/turn               (no ring)
MPRegen 0.09/turn               (no ring)

@: confused, repel missiles
A: no striking features
a: no special abilities


You were on level 2 of the Dungeon.
You visited 1 branch of the dungeon, and saw 2 of its levels.

You collected 98 gold pieces.

Inventory:

Hand Weapons
 a - a +0 war axe (weapon)
 f - a +0 club
Armour
 b - a +0 scale mail (worn)
 c - a +0 buckler (worn)
 e - a scarf of harm
 j - a scarf of repulsion (worn)
Scrolls
 i - a scroll of magic mapping
Potions
 d - a potion of might
 g - a potion of heal wounds {unknown}
 h - a potion of resistance {unknown}
 l - a potion of curing {unknown}
 m - a potion of magic {unknown}


   Skills:
 + Level 4.1 Fighting
 * Level 3.9(4.1) Axes
 + Level 1.2(2.4) Maces & Flails
 + Level 3.6 Armour
 + Level 3.6 Shields


You had 3 spell levels left.
You didn't know any spells.
Your spell library was empty.

Dungeon Overview and Level Annotations

Branches:
Dungeon (2/15)

Altars:

Annotations:
D:2 Sigmund


Message History

You block the bat's attack.
You hit the bat but do no damage.
The bat is severely wounded.
You block the bat's attack.
Sigmund hits you from afar with a +0 scythe.
The bat barely misses you.
Sigmund gestures wildly while chanting.
Sigmund flickers and vanishes!
Deactivating autopickup; reactivate with Ctrl-A.
There is a stone staircase leading up here.
You miss something. The bat hits you but does no damage. Something hits you.
You miss something. The bat hits you but does no damage.
You hear some strange, mumbled words.
Something tries to affect you, but you resist.
You hit something. The bat hits you but does no damage. Something hits you.
You slash something! The bat hits you but does no damage.
Something hits you but does no damage.
You slash something! The bat hits you.
You hear some strange, mumbled words.
A magic dart appears from out of thin air!
The magic dart hits you.
You hit something. The bat hits you but does no damage.
You block the bat's attack.
You hear some strange, mumbled words.
You are confused.
You barely miss something. You barely miss the bat.
The bat hits you but does no damage. Something hits you.
* * * LOW HITPOINT WARNING * * *
The bat completely misses you.
You hit the bat.
You kill the bat!
You closely miss something.
You hear some strange, mumbled words.
A puff of flame appears from out of thin air!
The puff of flame misses you.
You have reached level 4!
Something hits you.
* * * LOW HITPOINT WARNING * * *
Something hits you.
You die...

######### #.......#
#"......# #.......#
........#### ####
#...$..†...##### #...
....$.{<##.....###.## #
###.....@###........####.
######.###.###..♣..#...
#...............#
##...###.......### #.##
#....#.>... #..#
####†...### ...##
#...<..# .## .....####.#
###### .


There were no monsters in sight!

Vanquished Creatures
  A gnoll (D:1)
  A dart slug (D:1)
  5 bats
  3 endoplasms (D:1)
  6 goblins (D:1)
  2 hobgoblins (D:1)
  4 jackals (D:1)
  2 quokkas (D:1)
  4 ball pythons
  A frilled lizard (D:1)
  5 kobolds (D:1)
  10 rats (D:1)
44 creatures vanquished.

Notes
Turn   | Place    | Note
-------+----------+-------------------------------------------
     0 | D:1      | LabCoat the Hill Orc Fighter began the quest for the Orb.
     0 | D:1      | Reached XP level 1. HP: 19/19 MP: 1/1
    98 | D:1      | Reached XP level 2. HP: 21/27 MP: 2/2
   444 | D:1      | Reached XP level 3. HP: 33/33 MP: 3/3
   488 | D:1      | Reached skill level 1 in Maces & Flails
   516 | D:1      | Reached skill level 4 in Fighting
  1080 | D:2      | Noticed Sigmund
  1094 | D:2      | Reached XP level 4. HP: 10/40 MP: 4/4
  1094 | D:2      | Slain by Sigmund

Illustrated notes

Levels and vault maps discovered:
D:1:      grunt_arrival_lava_bath, layout_loops_ring, minmay_rat_gold_closets
D:2:      layout_rooms, chequers_mini_garden, minmay_snake_closets, uniq_sigmund

Skill      XL: |  1  2  3 |
---------------+----------+-----
Axes           | 3 |  3.9
Maces & Flails | 1 |  1.2
Fighting       | 4 |  4.1
Armour         | |  3.6
Shields        | |  3.6

Action                   |  1- 3 |  4- 6 || total
-------------------------+-------+-------++-------
Melee: War axe           |   120 |       ||   120
  Use: Scroll            |     4 |       ||     4
Armor: Scale mail        |    51 |       ||    51
Dodge: Dodged            |    67 |       ||    67
Block: Buckler           |    27 |       ||    27
